 Dungeon Crawl Stone Soup version 0.30-a0-540-g0af01429fa (webtiles) character file.

Game seed: 12260418354089090939

9 Jase the Chopper (level 2, 0/26 HPs)
             Began as a Hill Orc Fighter on Dec 25, 2022.
             Killed from afar by Natasha (15 damage)
             ... with a puff of flame
             ... on level 2 of the Dungeon.
             The game lasted 00:01:19 (825 turns).

Jase the Chopper (Hill Orc Fighter)                  Turns: 825, Time: 00:01:20

Health: 0/26       AC: 10    Str: 18    XL:     2   Next: 12%
Magic:  2/2        EV:  9    Int:  8    God:
Gold:   87         SH:  0    Dex: 10    Spells: 1/1 levels left

rFire   . . .      SeeInvis .    a - +0 war axe
rCold   . . .      Faith    .    (no shield)
rNeg    . . .      Spirit   .    b - +0 scale mail
rPois   .          Reflect  .    (no helmet)
rElec   .          Harm     .    (no cloak)
rCorr   .          Rampage  .    (no gloves)
Will    .....                    (no boots) Stlth
                                 (no amulet)
HPRegen 0.24/turn                i - +4 ring of protection
MPRegen 0.08/turn                (no ring)

@: no status effects
A: no striking features
a: no special abilities


You were on level 2 of the Dungeon.
You visited 1 branch of the dungeon, and saw 2 of its levels.

You collected 87 gold pieces.

Inventory:

Hand Weapons
 a - a +0 war axe (weapon)
Missiles
 m - 5 stones (quivered)
Armour
 b - a +0 scale mail (worn)
Jewellery
 i - a +4 ring of protection (left hand)
 k - an amulet of faith
Scrolls
 c - a scroll of butterflies {unknown}
 e - a scroll of enchant weapon {unknown}
 f - a scroll of blinking {unknown}
 h - a scroll of vulnerability {unknown}
 j - a scroll of silence {unknown}
 n - a scroll of fog {unknown}
Potions
 d - a potion of might
 g - a potion of curing {unknown}
 l - a potion of brilliance {unknown}


   Skills:
 - Level 3.6 Fighting
 + Level 3.8 Axes
 - Level 3.2 Armour
 - Level 3.2 Shields


You had one spell level left.
You didn't know any spells.
Your spell library contained the following spells:

 Spells                   Type           Power      Damage    Failure   Level
 Call Canine Familiar     Summ           0%         N/A       99%         3
 Portal Projectile        Hex/Tloc       0%         N/A       99%         3
 Leda's Liquefaction      Hex/Erth       0%         N/A       100%        4


Dungeon Overview and Level Annotations

Branches:
Dungeon (2/15)

Altars:

Annotations:
D:2 Natasha


Message History

You barely miss the rat. The rat bites you.
You barely miss the rat. The rat bites you but does no damage.
The rat closely misses you.
You barely miss the rat. The rat bites you but does no damage.
You hit the rat but do no damage. The rat bites you but does no damage.
You closely miss the rat. The rat closely misses you.
The rat bites you but does no damage.
You hit the rat.
You kill the rat!
No target in view!
No target in view!
You start resting.
HP restored.
Found a stone staircase leading down.
A rat comes into view.
You see here 12 gold pieces.
You now have 87 gold pieces (gained 12).
You see here a scroll labelled TUTOMU EQUFFO.
n - a scroll labelled TUTOMU EQUFFO The rat barely misses you.
You hit the rat but do no damage. The rat barely misses you.
You hit the rat but do no damage. The rat bites you.
The rat bites you but does no damage.
You barely miss the rat. The rat barely misses you.
You hit the rat.
You kill the rat!
m - 6 stones (gained 3)
Found 3 fuming grey potions.
Throw: 6 stones
Press: ? - help, Q - select action Shift-Dir - straight line, f - Natasha
Aim: Natasha, carrying a wand of flame (18) (wandering, hasn't noticed you, 47% to hit)
You throw a stone. The stone closely misses Natasha.
Natasha hisses angrily.
Natasha zaps a wand.
The puff of flame hits you.
Natasha zaps a wand.
The puff of flame hits you!
You start resting.
Natasha is nearby!
Natasha zaps a wand.
The puff of flame hits you!
Ouch! That really hurt!
You die...

.... #...h.......# .
#...# #...........#
#.#.#..####..... .
#.#. #..#....# ##.
..##...###......#.....
................!.....
..........######.....
..##..##..h###........
...........@....>.....
.#.#.....>#..#........
#......##...[......
###.......#........
#.††.............
#..<.............
≈≈≈≈~.###............
#####. ...#...#..###
... .##.#.#.##.#


You could see Natasha.

Vanquished Creatures
  2 ball pythons (D:1)
  A goblin (D:1)
  2 quokkas
  A bat (D:1)
  2 rats (D:2)
8 creatures vanquished.

Notes
Turn   | Place    | Note
-------+----------+-------------------------------------------
     0 | D:1      | Jase the Hill Orc Fighter began the quest for the Orb.
     0 | D:1      | Reached XP level 1. HP: 19/19 MP: 1/1
   670 | D:2      | Noticed Natasha
   740 | D:2      | Reached XP level 2. HP: 16/26 MP: 2/2
   825 | D:2      | Killed from afar by Natasha

Illustrated notes

Levels and vault maps discovered:
D:1:      dpeg_arrival_windows_large_door, layout_basic
D:2:      layout_rooms, grunt_decor_cap, minmay_tripent, uniq_robin,
          uniq_natasha, uniq_crazy_yiuf_cottage

Skill      XL: |  1 |
---------------+----+-----
Axes           | 3 |  3.8
Fighting       | |  3.6
Armour         | |  3.2
Shields        | |  3.2

Action                   || total
-------------------------++-------
Melee: War axe           ||    35
Throw: Stone             ||     1
Armor: Scale mail        ||    20
Dodge: Dodged            ||    20

Table legend: (Time is in decaauts)
 A = Elapsed time spent in this place.
 B = Non-inter-level travel time spent in this place.
 C = Inter-level travel time spent in this place.
 D = Time resting spent in this place.
 E = Time spent auto-exploring this place.
 F = Levels seen in this place.
 G = Mean time per level.
                   A        B        C        D        E       F      G
               +--------+--------+--------+--------+--------+-----+--------+
         Total |    836 |    733 |    103 |     45 |    567 |   2 |  418.0 |
       Dungeon |    836 |    733 |    103 |     45 |    567 |   2 |  418.0 |
               +--------+--------+--------+--------+--------+-----+--------+

Top non-repeatable levels by time:
     D:1: 740 daAuts
     D:2: 96 daAuts
